 Dungeon Crawl Stone Soup version 0.20.1-1-g8b1a95d (webtiles) character file.

112 Energizer the Skirmisher (level 4, -1/61 HPs)
             Began as a Hill Orc Abyssal Knight on July 17, 2017.
             Was a Follower of Lugonu.
             Succumbed to an orc's poison
             ... on level 3 of the Dungeon.
             The game lasted 00:05:47 (2844 turns).

Energizer the Skirmisher (Hill Orc Abyssal Knight)  Turns: 2844, Time: 00:05:48

Health: -1/61      AC: 22    Str: 14    XL:     4   Next: 95%
Magic:  6/6        EV:  2    Int: 12    God:    Lugonu [*.....]
Gold:   118        SH:  0    Dex: 11    Spells: 3/3 levels left

rFire    . . .     SeeInvis .   a - +1 hand axe
rCold    . . .     Gourm    .   (no shield)
rNeg     + + +     Faith    .   (armour currently unavailable)
rPois    +         Spirit   .   (helmet currently unavailable)
rElec    .         Reflect  .   (cloak currently unavailable)
rCorr    .         Harm     .   (gloves currently unavailable)
MR       .....     NoTele   +   (boots currently unavailable)
Stlth    +.........             (no amulet)
Regen    0.2/turn               (no ring)
MPRegen  0.1/turn               (no ring)

@: lethally poisoned (-1 -> -18), tree-form
A: no striking features
a: Depart the Abyss, Renounce Religion


You were on level 3 of the Dungeon.
You worshipped Lugonu.
Lugonu was aware of your devotion.
You were not hungry.
You were a tree.
You visited 1 branch of the dungeon, and saw 3 of its levels.
You visited the Abyss 1 time.

You collected 118 gold pieces.

Inventory:

Hand Weapons
 a - a +1 hand axe (weapon)
Missiles
 e - 46 poisoned needles
Armour
 b - a +0 leather armour
 j - a cursed +0 leather armour (melded)
Scrolls
 d - 2 scrolls of enchant weapon {unknown}
 g - a scroll of enchant armour {unknown}
 h - 2 scrolls of identify {unknown}
 k - a scroll of fog {unknown}
 l - 2 scrolls of remove curse {unknown}
 m - 2 scrolls of teleportation {unknown}
 p - a scroll of recharging {unknown}
Potions
 i - 3 potions of curing {unknown}
Comestibles
 c - 4 bread rations
 n - a meat ration


   Skills:
 + Level 4.5 Fighting
 * Level 4.2 Axes
 + Level 3.2 Armour
 - Level 0.7 Dodging
 + Level 3.4 Invocations


You had 3 spell levels left.
You didn't know any spells.

Dungeon Overview and Level Annotations

Branches:
Dungeon (3/15)

Altars:
Qazlal


Message History

* * * LOW HITPOINT WARNING * * *
You feel sick. The orc closely misses you.
You barely miss the orc.
The orc is heavily wounded.
* * * LOW HITPOINT WARNING * * *
You feel sick. The orc barely misses you.
You hit the orc but do no damage.
The orc is heavily wounded.
* * * LOW HITPOINT WARNING * * *
You feel sick.
The orc hits you with a hand axe of venom.
* * * LOW HITPOINT WARNING * * *
You are more poisoned.
Okay, then.
* * * LOW HITPOINT WARNING * * *
You feel sick.
It was a potion of lignification.
You turn into a tree.
Your cursed +0 leather armour melds into your body.
Your roots penetrate the ground.
You die...

....#.# #.......####
....... #.......####
.....b. ..............
....... ### ###...........
....... #.# #...........
....... #.# .##.##........
.......###.# ..#.##........
.......l.o.# #.#.######....
...#######♣#.#.#....#......
#.#.#......#......
#.#.##.....#......
#.#.##.>..........
####'#...............
#........#....#......
#........#....#......
#........#....#......
#........#....#......


You could see an orc and a frilled lizard.

Vanquished Creatures
  Jessica (D:2)
  4 adders
  2 worms (D:3)
  5 dart slugs
  4 giant cockroaches (D:1)
  3 goblins
  2 hobgoblins
  3 jackals (D:1)
  6 kobolds
  4 bats
  A frilled lizard (D:2)
35 creatures vanquished.

Notes
Turn   | Place    | Note
-------+----------+-------------------------------------------
     0 | Abyss:1  | Energizer the Hill Orc Abyssal Knight began the quest for the Orb.
     0 | Abyss:1  | Reached XP level 1. HP: 19/19 MP: 2/2
     0 | D:1      | Escaped the Abyss
   161 | D:1      | Reached XP level 2. HP: 21/27 MP: 4/4
   658 | D:1      | Reached * piety under Lugonu
   919 | D:1      | Reached XP level 3. HP: 19/33 MP: 5/5
  1465 | D:2      | Noticed Jessica
  1474 | D:2      | Killed Jessica
  1474 | D:2      | Reached XP level 4. HP: 33/40 MP: 6/6
  2223 | D:3      | Found a stormy altar of Qazlal.
  2842 | D:3      | HP: 2/41 [orc/hand axe of venom (6)]
  2844 | D:3      | Succumbed to an orc's poison

Skill      XL: |  1  2  3  4 |
---------------+-------------+-----
Axes           | 3 4 |  4.2
Fighting       | 4 |  4.5
Invocations    | 3 |  3.4
Armour         | 3 |  3.2
Dodging        | |  0.7

Action                   |  1- 3 |  4- 6 || total
-------------------------+-------+-------++-------
Melee: Hand axe          |    78 |    78 ||   156
Invok: Depart the Abyss  |     1 |       ||     1
  Use: Potion            |       |     1 ||     1
  Eat: Chunk             |     1 |     5 ||     6
Armor: Leather armour    |    16 |    12 ||    28
Dodge: Dodged            |    48 |    39 ||    87
